 Dungeon Crawl Stone Soup version 0.17-a0-1711-gc5340a3 (webtiles) character file.

1717 kae the Carver (level 8, -1/64 HPs)
             Began as a Minotaur Fighter on Aug 22, 2015.
             Slain by a killer bee (7 damage)
             ... on level 7 of the Dungeon.
             The game lasted 00:05:40 (5186 turns).

kae the Carver (Minotaur Fighter)                   Turns: 5186, Time: 00:05:41

Health: -1/64      AC: 12    Str: 25    XL:     8   Next: 74%
Magic:  7/7        EV:  4    Int:  7    God:
Gold:   215        SH: 10    Dex: 11    Spells: 0 memorised, 7 levels left

rFire  . . .     SeeInvis .     a - +1 long sword
rCold  . . .     Clarity  .     y - +0 plate armour
rNeg   . . .     SustAt   .     c - +0 shield
rPois  .         Gourm    .     (helmet restricted)
rElec  .         Spirit   .     (no cloak)
rCorr  .         Warding  .     (no gloves)
rMut   .         Stasis   .     j - +0 pair of boots
MR     .....                    (no amulet)
Stlth  ..........               (no ring)
                                (no ring)

@: mighty, lethally poisoned (-1 -> -2), not resistant to hostile enchantments,
extremely unstealthy
A: retaliatory headbutt, horns 2
a: no special abilities


You were on level 7 of the Dungeon.
You were not hungry.

You visited 1 branch of the dungeon, and saw 7 of its levels.
You also visited: Ossuary.

You collected 271 gold pieces.
You spent 56 gold pieces at shops.

Inventory:

Hand weapons
 a - a +1 long sword (weapon)
Armour
 b - a +0 scale mail
 c - a +0 shield (worn)
 j - a +0 pair of boots (worn)
 y - a +0 plate armour (worn)
Magical devices
 m - a wand of draining (9)
Scrolls
 g - 9 scrolls of teleportation
 h - a scroll of enchant armour {unknown}
 k - a scroll of noise {unknown}
 n - 2 scrolls of remove curse
 o - a scroll of magic mapping
 s - a scroll of summoning {unknown}
 t - a scroll of amnesia
 w - a scroll of fog
Potions
 d - a potion of might
 f - a potion of degeneration
 p - 7 potions of curing
 q - a potion of invisibility
 r - 2 potions of haste
 v - a potion of agility
 x - a potion of heal wounds {unknown}
Comestibles
 e - 2 meat rations
 i - a beef jerky
 l - a slice of pizza
 z - 7 bread rations


   Skills:
 - Level 3.6 Fighting
 + Level 13.1 Long Blades
 - Level 3.6 Armour
 - Level 3.6 Shields


You had 7 spell levels left.
You didn't know any spells.

Dungeon Overview and Level Annotations

Branches:
Dungeon (7/15)
 Temple: D:4-7

Altars:
Gozag
Nemelex Xobeh
Sif Muna
Lugonu

Shops:
D:5 *

Portals:
Abyss: D:1

Annotations:
D:1 exclusion: door


Innate Abilities, Weirdness & Mutations

You reflexively headbutt those who attack you in melee.
You have a pair of horns on your head.


Message History

You block the killer bee's attack.
You hit the killer bee.
The killer bee is almost dead.
The killer bee stings you but does no damage.
The killer bee stings you.
* * * LOW HITPOINT WARNING * * *
You are poisoned.
The killer bee poisons you!
You closely miss the killer bee. Your headbutt misses the killer bee.
The killer bee is almost dead.
You feel sick.
The killer bee stings you but does no damage.
You miss the killer bee. Your headbutt misses the killer bee.
The killer bee is almost dead.
The killer bee stings you but does no damage. x2
Your shield and plate armour prevent you from hitting the killer bee.
Your headbutt misses the killer bee.
The killer bee is almost dead.
You feel sick. You block the killer bee's attack. The killer bee stings you!
You die...

.....# ....# ....#
...# #..# #..# . #..#
... .. #@# #....$ #..
##y# ...... #..#
#hy## ......
#..##Zyh##......
#...†............
#<...............P
#.................
.....................
#.....###.>.#.P...P..


You could see a hound, 3 killer bees, a jackal and a giant frog skeleton.

Vanquished Creatures
  Sigmund (D:2)
  Eustachio (D:6)
  Menkaure (Ossuary)
  A black bear (D:6)
  2 ogres
  A phantom (D:5)
  A big kobold (D:7)
  A giant frog (D:6)
  A scorpion (D:5)
  2 killer bees (D:7)
  A crimson imp (D:6)
  A jelly (D:6)
  4 orc priests
  2 hounds
  A giant frog skeleton (D:7)
  Ijyb (D:2)
  An orc wizard (D:6)
  Jessica (D:3)
  A gnoll shaman (D:5)
  3 worker ants
  3 mummies (Ossuary)
  8 gnolls
  4 adders
  An ooze (D:3)
  2 giant geckos
  15 orcs
  6 bats
  7 giant cockroaches
  4 goblins
  9 hobgoblins
  9 kobolds
  A quokka (D:4)
  3 ball pythons
  A giant gecko skeleton (D:6)
  2 giant newts
  2 gnoll skeletons (Ossuary)
  4 gnoll zombies (Ossuary)
  4 goblin skeletons (Ossuary)
  3 goblin zombies (Ossuary)
  3 hobgoblin skeletons (Ossuary)
  2 hobgoblin zombies (Ossuary)
  5 jackals
  2 kobold zombies (Ossuary)
  An orc skeleton (Ossuary)
  2 orc zombies (Ossuary)
  6 rats
  6 rat skeletons (Ossuary)
  3 rat zombies (Ossuary)
146 creatures vanquished.

Vanquished Creatures (others)
  A gnoll zombie (Ossuary)
  A gnoll skeleton (Ossuary)
  A goblin zombie (Ossuary)
  3 hobgoblin zombies (Ossuary)
  4 kobold skeletons (Ossuary)
  2 kobold zombies (Ossuary)
  An orc zombie (Ossuary)
  4 rat skeletons (Ossuary)
  A rat zombie (Ossuary)
18 creatures vanquished.

Grand Total: 164 creatures vanquished

Notes
Turn   | Place    | Note
--------------------------------------------------------------
     0 | D:1      | kae the Minotaur Fighter began the quest for the Orb.
     0 | D:1      | Reached XP level 1. HP: 19/19 MP: 0/0
   109 | D:1      | Found a one-way gate to the infinite horrors of the Abyss.
   109 | D:1      | Found a corrupted altar of Lugonu.
   109 | D:1      | Noticed an iron imp
   109 | D:1      | Noticed a demonic crawler
   109 | D:1      | Noticed an iron imp
   109 | D:1      | Noticed a quasit
   109 | D:1      | Noticed an iron imp
   109 | D:1      | Noticed a quasit
   109 | D:1      | Noticed a quasit
   110 | D:1      | Noticed a quasit
   113 | D:1      | Noticed an iron imp
   113 | D:1      | Noticed an iron imp
   200 | D:1      | Reached XP level 2. HP: 24/26 MP: 1/1
   483 | D:1      | Reached skill level 4 in Long Blades
   679 | D:2      | Reached XP level 3. HP: 31/31 MP: 2/2
   681 | D:2      | Noticed Sigmund
   695 | D:2      | Killed Sigmund
   695 | D:2      | Reached skill level 6 in Long Blades
   695 | D:2      | Reached XP level 4. HP: 28/39 MP: 3/3
   695 | D:2      | Reached XP level 5. HP: 32/45 MP: 4/4
   951 | D:2      | Reached skill level 7 in Long Blades
  1034 | D:2      | Found a faded altar to an unknown god.
  1134 | D:2      | Noticed Ijyb
  1141 | D:2      | Killed Ijyb
  1411 | D:3      | Reached XP level 6. HP: 37/51 MP: 5/5
  1778 | D:3      | Found a sparkling altar of Nemelex Xobeh.
  1792 | D:3      | Reached skill level 8 in Long Blades
  1869 | D:3      | Noticed Jessica
  1874 | D:3      | Killed Jessica
  2612 | D:4      | Reached skill level 9 in Long Blades
  2612 | D:4      | Reached XP level 7. HP: 53/57 MP: 6/6
  3047 | D:5      | Entered Level 5 of the Dungeon
  3104 | D:5      | Found a sand-covered staircase.
  3109 | Ossuary  | Entered an ossuary
  3490 | Ossuary  | Noticed Menkaure
  3495 | Ossuary  | Killed Menkaure
  3495 | Ossuary  | Reached skill level 10 in Long Blades
  4067 | D:5      | Found a deep blue altar of Sif Muna.
  4067 | D:5      | Found an opulent altar of Gozag.
  4276 | D:5      | Found Kaem's Assorted Antiques.
  4346 | D:5      | Bought a scroll labeled ESEGGU SOXZA for 28 gold pieces
  4346 | D:5      | Bought a scroll labeled OKUELU OCVUMY for 28 gold pieces
  4378 | D:5      | Reached skill level 11 in Long Blades
  4649 | D:6      | Reached XP level 8. HP: 60/64 MP: 7/7
  4767 | D:6      | Noticed Eustachio
  4795 | D:6      | Killed Eustachio
  4795 | D:6      | Reached skill level 12 in Long Blades
  5172 | D:7      | Reached skill level 13 in Long Blades
  5186 | D:7      | Slain by a killer bee

Vault maps used:
D:1:      erik_arrival_cave_to_civilisation
D:2:      ecumenical_altar_2, uniq_iyjb, uniq_sigmund
D:3:      nicolae_overflow_crystal_walls, serial_bayou_pond_d, uniq_jessica
D:5:      gammafunk_temple_overflow_wave, lightli_sewer_entry_pipes,
          first_bread, nicolae_ossuary_entry_false_entrances, serial_shops,
          shop, amalloy_card_club
D:6:      uniq_eustachio
D:7:      temple_garden
Ossuary:  ossuary_due_pyramid

Action                   |  1- 3 |  4- 6 |  7- 9 || total
-------------------------+-------+-------+-------++-------
Melee: Long sword        |    57 |   104 |   290 ||   451
  Use: Scroll            |       |       |    13 ||    13
       Potion            |       |       |     3 ||     3
  Eat: Chunk             |       |     5 |     5 ||    10
       Pizza             |       |       |     1 ||     1
       Beef jerky        |       |       |     1 ||     1
       Bread ration      |       |       |     1 ||     1
